 Dungeon Crawl Stone Soup version 0.25.1-2-g60ff931df9 (webtiles) character file.

Game seed: 16662415213492877929

150 Ayoxin the Chopper (level 5, 0/47 HPs)
             Began as a Hill Orc Berserker on July 30, 2020.
             Was a Believer of Trog.
             Slain by a goblin (2 damage)
             ... led by Robin
             ... on level 3 of the Dungeon.
             The game lasted 00:28:09 (2217 turns).

Ayoxin the Chopper (Hill Orc Berserker)             Turns: 2217, Time: 00:28:09

Health: 0/47       AC: 11    Str: 21    XL:     5   Next: 32%
Magic:  5/5        EV:  6    Int:  9    God:    Trog [**....]
Gold:   101        SH:  0    Dex: 10    Spells: 4/4 levels left

rFire    . . .     SeeInvis +   f - +1 halberd (vorpal)
rCold    . . .     Gourm    .   (shield currently unavailable)
rNeg     . . .     Faith    .   k - +0 plate armour
rPois    .         Spirit   .   (no helmet)
rElec    .         Reflect  .   (no cloak)
rCorr    .         Harm     .   (no gloves)
MR       .....     Clarity  +   (no boots)
Stlth    ..........             (no amulet)
HPRegen  0.15/turn              g - ring of stealth
MPRegen  0.09/turn              h - ring of attention (curse)

@: berserk cooldown, very slightly contaminated, slowed, very slow
A: see invisible, clarity, clever 1, evolution 1
a: Berserk, Trog's Hand, Renounce Religion


You were on level 3 of the Dungeon.
You worshipped Trog.
Trog was pleased with you.
You were near starving.

You visited 1 branch of the dungeon, and saw 3 of its levels.

You collected 101 gold pieces.

Inventory:

Hand Weapons
 a - a +2 hand axe
 f - a +1 vorpal halberd (weapon)
Armour
 k - a +0 plate armour (worn)
Jewellery
 g - a ring of stealth (left hand)
 h - a cursed ring of attention (right hand)
Scrolls
 e - a scroll of identify
 j - a scroll of teleportation
Potions
 d - a potion of magic
Comestibles
 b - a chunk of flesh
 c - 2 rations


   Skills:
 + Level 4.4 Fighting
 + Level 5.8(5.9) Axes
 + Level 0.8(3.1) Polearms
 + Level 3.4 Armour
 + Level 1.9 Dodging
 + Level 0.1 Stealth


You had 4 spell levels left.
You didn't know any spells.
Your spell library was empty.

Dungeon Overview and Level Annotations

Branches:
Dungeon (3/15)

Altars:
Gozag
Trog

Annotations:
D:3 Robin, Sigmund


Innate Abilities, Weirdness & Mutations

You have supernaturally acute eyesight. (SInv)
You possess an exceptional clarity of mind.
Your mind is acute. (Int +2)
You evolve.


Message History

Unknown command.
The leopard gecko barely misses you.
Your plate armour prevents you from hitting the leopard gecko.
Sigmund hits you but does no damage.
The leopard gecko bites you but does no damage.
The orc hits you but does no damage. The leopard gecko barely misses you.
The orc hits you but does no damage.
Sigmund hits you from afar with a +0 scythe.
* * * LOW HITPOINT WARNING * * *
Robin throws the goblin at you!
You slash the leopard gecko!
You kill the leopard gecko!
Trog accepts your kill. The goblin hits you but does no damage.
The orc hits you.
* * * LOW HITPOINT WARNING * * *
Robin throws the goblin at you!
Sigmund hits you from afar with a +0 scythe.
* * * LOW HITPOINT WARNING * * *
The goblin hits you.
You die...

#.#...#.#...#.........'.......
#.#.###.###.#.#.###.###.......
#.............#.....#......... .
####.....##...#######.#.#####.
..g####...#.##.g............#....
..ggo.'..ggo...gg.### ###...#.###
....g.#)).#.####)@# #...#.#..
##.o.g#...#..# #go# #........
#....#...##.# #@.# #....##.#.#
#....##### .# #gg# #.#. ...#)#
#....# #..# # #####.# #....# #..#
#...# #....# #..# #.### #...
#.#.. ..## #.#.. ... #.... #....


You could see Sigmund (invisible), Robin, an orc, a hobgoblin and 4 goblins.

Vanquished Creatures
  An orc priest (D:3)
  4 gnolls (D:2)
  3 adders
  2 dart slugs (D:1)
  A leopard gecko (D:3)
  3 orcs (D:3)
  A giant cockroach (D:2)
  5 goblins
  8 hobgoblins
  8 bats
  7 frilled lizards (D:1)
  6 kobolds
  2 rats (D:1)
51 creatures vanquished.

Notes
Turn   | Place    | Note
-------+----------+-------------------------------------------
     0 | D:1      | Ayoxin the Hill Orc Berserker began the quest for the Orb.
     0 | D:1      | Reached XP level 1. HP: 19/19 MP: 1/1
    87 | D:1      | Reached XP level 2. HP: 27/27 MP: 2/2
   620 | D:1      | Reached XP level 3. HP: 23/33 MP: 3/3
   621 | D:1      | Reached ** piety under Trog
   825 | D:1      | Gained mutation: You evolve. [potion of mutation]
   825 | D:1      | Gained mutation: You possess an exceptional clarity of
                  | mind. [potion of mutation]
   889 | D:2      | Found a bloodstained altar of Trog.
   998 | D:2      | Gained mutation: You have supernaturally acute eyesight.
                  | (SInv) [evolution]
  1107 | D:2      | Reached skill level 5 in Axes
  1321 | D:2      | Found an opulent altar of Gozag.
  1449 | D:2      | Reached XP level 4. HP: 40/40 MP: 4/4
  1703 | D:2      | Gained mutation: Your mind is acute. (Int +2) [evolution]
  1965 | D:3      | Reached XP level 5. HP: 46/46 MP: 5/5
  2177 | D:3      | Noticed Sigmund
  2180 | D:3      | Noticed Robin
  2217 | D:3      | HP: 2/47 [Sigmund/+0 scythe (2)]
  2217 | D:3      | Slain by a goblin

Illustrated notes

Levels and vault maps discovered:
D:1:      dpeg_arrival_stone_temple_mockup, layout_rooms,
          corexii_item_surrounded_by_moat, minmay_lizard_pond
D:2:      layout_basic, grunt_gozag_statues, bloody_trog
D:3:      layout_basic, minmay_misc_feat_roman, uniq_sigmund, uniq_terence,
          uniq_robin

Skill      XL: |  1  2  3  4 |
---------------+-------------+-----
Fighting       | 4 |  4.4
Axes           | 5 |  5.8
Armour         | 3 |  3.4
Polearms       | |  0.8
Dodging        | |  1.9
Stealth        | |  0.1

Action                   |  1- 3 |  4- 6 || total
-------------------------+-------+-------++-------
Melee: Hand axe          |   101 |     7 ||   108
       Halberd           |       |    63 ||    63
Invok: Berserk           |     2 |     2 ||     4
       Trog's Hand       |       |     1 ||     1
  Use: Scroll            |     8 |     2 ||    10
       Potion            |     2 |       ||     2
  Eat: Ration            |     2 |       ||     2
Armor: Animal skin       |     3 |       ||     3
       Ring mail         |    23 |     6 ||    29
       Plate armour      |       |    60 ||    60
Dodge: Dodged            |    71 |    38 ||   109
